 Dungeon Sprint DCSS version 0.27-a0-200-g8ba017916c (webtiles) character file.

Game seed: 15369947625703800321

8200000 HendSelp the Conqueror (level 27, -13/273 HPs)
             Began as a Ghoul Monk on Jan 29, 2021.
             Was the Champion of Makhleb.
             Mangled by a bag of meat
             ... wielding a +9 war axe
              (22 damage)
             ... in the Dungeon (Sprint VIII: "Arena of Blood").
             The game lasted 00:03:10 (82 turns).

HendSelp the Conqueror (Ghoul Monk)                   Turns: 82, Time: 00:03:11

Health: -13/273    AC:  4    Str: 28    XL:     27
Magic:  32/53      EV: 27    Int:  5    God:    Makhleb [******]
Gold:   0          SH:  0    Dex: 11    Spells: 80/80 levels left

rFire    . . .     SeeInvis .   h - +∞ Axe of Woe
rCold    + . .     Faith    .   (shield currently unavailable)
rNeg     + + +     Spirit   .   b - +0 robe
rPois    ∞         Reflect  .   (no helmet)
rElec    .         Harm     .   (no cloak)
rCorr    .         Rampage  .   (no gloves)
Will     ++...     NoTele   +   (no boots)
Stlth    +++++++++.             (no amulet)
HPRegen  0.00/turn              (no ring)
MPRegen  0.33/turn              (no ring)

@: slowed, very slow
A: claws 1, cold resistance 1, negative energy resistance 3, inhibited
regeneration, torment resistance, unbreathing
a: Renounce Religion, Minor Destruction, Lesser Servant of Makhleb, Major
Destruction, Greater Servant of Makhleb


You were in the Dungeon.
You worshipped Makhleb.
Makhleb was exalted by your worship.
You visited 1 branch

Inventory:

Hand Weapons
 a - a +0 hand axe
 h - the +∞ Axe of Woe (weapon)
   (You found it in the Dungeon)
Armour
 b - a +0 robe (worn)
Jewellery
 i - an uncursed ring of protection from fire
Scrolls
 g - a scroll of blinking
Potions
 c - a potion of curing
 d - a potion of heal wounds
 e - a potion of haste
 f - 2 potions of magic


   Skills:
 O Level 27 Fighting
 O Level 27 Short Blades
 O Level 27 Long Blades
 O Level 27 Axes
 O Level 27 Maces & Flails
 O Level 27 Polearms
 O Level 27 Staves
 O Level 27 Slings
 O Level 27 Bows
 O Level 27 Crossbows
 O Level 27 Throwing
 O Level 27 Armour
 O Level 27 Dodging
 O Level 27 Stealth
 O Level 27 Shields
 O Level 27 Unarmed Combat
 O Level 27 Spellcasting
 O Level 27 Conjurations
 O Level 27 Hexes
 O Level 27 Summonings
 O Level 27 Necromancy
 O Level 27 Translocations
 O Level 27 Transmutations
 O Level 27 Fire Magic
 O Level 27 Ice Magic
 O Level 27 Air Magic
 O Level 27 Earth Magic
 O Level 27 Poison Magic
 O Level 27 Invocations
 O Level 27 Evocations


You had 80 spell levels left.
You didn't know any spells.
Your spell library was empty.

Dungeon Overview and Level Annotations

Branches:
Dungeon (1/1)

Altars:
Makhleb


Innate Abilities, Weirdness & Mutations

You thrive by killing the living.
You are immune to poison.
You have sharp fingernails.
Your flesh is cold resistant. (rC+)
You are immune to negative energy. (rN+++)
You do not regenerate when monsters are visible.
You are immune to unholy pain and torment.
You can survive without breathing.


Message History

The dread is engulfed in blazing flames.
You hear a shout!
A bag of meat comes into view. It is wielding a +9 war axe.
Unknown command.
i - an uncursed ring of protection from fire You hear a shout! x8
The tyrant casts a spell.
The tyrant seems to speed up.
The bag of meat completely misses you.
You hear a shout! x2
The dread is engulfed in blazing flames.
The tentacled monstrosity is engulfed in blazing flames.
You hear a shout! x2
The bag of meat barely misses you. The large abomination hits you!!
The sculptor of flesh hits you with a +9 great sword!!!!!
Ouch! That really hurt!
* * * LOW HITPOINT WARNING * * *
You hear a shout! x3
The meat berserker rages.
The bag of meat hits you with a +9 war axe!!
You die...

....#............
#........#........
#.........#...V...
#............#....
#.....oXV§#......#
#..oL#..oM....))))
#..X.##○○)))))#.))
#oXoX.#VML§)#§)○)○
#@zLX.W###)○)))...
#oo§XX##.§○§#)....
#.O..#X....o..#...
#o§§§#............
#§o...X..........#
#.................
#X..........o.....
#.......O.#. .....


You could see an accursed, 2 tentacled monstrosities, 2 tyrants, a destroyer, a
sculptor of flesh, 5 large abominations, a dread, a meat berserker (berserk) and
8 bags of meat.

Vanquished Creatures
  Sigmund (D)
  3 hell beasts (D)
  A royal mummy (D)
  Harold (D)
  12 vampire knights (D)
  23 ogres (D)
  6 two-headed ogres (D)
  3 liches (D)
  2 hydras (D)
  77 orcs (D)
  3 skeletal warriors (D)
132 creatures vanquished.

Notes
Turn   | Place    | Note
-------+----------+-------------------------------------------
     0 | D        | Found the +∞ Axe of Woe
     0 | D        | HendSelp the Ghoul Monk began the quest for the Orb.
     0 | D        | Reached XP level 1. HP: 19/19 MP: 0/0
     2 | D        | Noticed a bag of meat
     4 | D        | Became a worshipper of Makhleb the Destroyer
     4 | D        | Reached * piety under Makhleb
     4 | D        | Reached ** piety under Makhleb
     5 | D        | Noticed a bag of meat
     6 | D        | Noticed a bag of meat
     6 | D        | Noticed a bag of meat
     6 | D        | Noticed a bag of meat
     6 | D        | Noticed a bag of meat
     6 | D        | Noticed a bag of meat
     7 | D        | Noticed a bag of meat
     7 | D        | Noticed a bag of meat
     8 | D        | Killed a bag of meat
     8 | D        | Noticed a bag of meat
     9 | D        | Reached skill level 15 in Axes
     9 | D        | Reached XP level 2. HP: 51/51 MP: 1/1
     9 | D        | Reached XP level 3. HP: 58/58 MP: 2/2
     9 | D        | Reached XP level 4. HP: 67/67 MP: 3/3
     9 | D        | Reached XP level 5. HP: 73/73 MP: 4/4
     9 | D        | Reached XP level 6. HP: 81/81 MP: 5/5
     9 | D        | Reached XP level 7. HP: 88/88 MP: 6/6
     9 | D        | Reached XP level 8. HP: 96/96 MP: 7/7
     9 | D        | Reached XP level 9. HP: 103/103 MP: 8/8
     9 | D        | Reached XP level 10. HP: 111/111 MP: 9/9
     9 | D        | Reached XP level 11. HP: 117/117 MP: 10/10
     9 | D        | Reached XP level 12. HP: 126/126 MP: 11/11
     9 | D        | Killed a bag of meat
     9 | D        | Killed a bag of meat
     9 | D        | Noticed a meat berserker
     9 | D        | Noticed a bag of meat
     9 | D        | Noticed a meat berserker
    10 | D        | Reached XP level 13. HP: 145/145 MP: 12/12
    10 | D        | Reached XP level 14. HP: 152/152 MP: 13/13
    10 | D        | Killed a bag of meat
    10 | D        | Reached *** piety under Makhleb
    10 | D        | Killed a bag of meat
    10 | D        | Noticed a bag of meat
    11 | D        | Reached XP level 15. HP: 166/166 MP: 14/14
    12 | D        | Killed a meat berserker
    12 | D        | Reached **** piety under Makhleb
    12 | D        | Noticed a meat berserker
    13 | D        | Reached skill level 27 in Fighting
    13 | D        | Reached skill level 15 in Stealth
    13 | D        | Reached XP level 16. HP: 183/183 MP: 15/15
    13 | D        | Reached XP level 17. HP: 191/191 MP: 16/16
    13 | D        | Noticed a meat berserker
    13 | D        | Noticed a meat berserker
    14 | D        | Killed a meat berserker
    14 | D        | Reached ***** piety under Makhleb
    14 | D        | Noticed a meat berserker
    15 | D        | Reached skill level 27 in Axes
    15 | D        | Reached skill level 27 in Dodging
    15 | D        | Reached XP level 18. HP: 200/200 MP: 17/17
    15 | D        | Noticed a meat berserker
    15 | D        | Noticed a meat berserker
    16 | D        | Killed a meat berserker
    16 | D        | Noticed a meat berserker
    17 | D        | Reached skill level 27 in Stealth
    17 | D        | Killed a meat berserker
    18 | D        | Reached skill level 5 in Unarmed Combat
    18 | D        | Reached skill level 5 in Necromancy
    18 | D        | Reached skill level 5 in Ice Magic
    18 | D        | Reached skill level 5 in Earth Magic
    18 | D        | Reached skill level 5 in Poison Magic
    18 | D        | Reached skill level 5 in Invocations
    18 | D        | Reached XP level 19. HP: 207/207 MP: 17/24
    18 | D        | Killed a meat berserker
    18 | D        | Noticed a meat berserker
    19 | D        | Noticed a large bag of meat
    19 | D        | Noticed a meat berserker
    19 | D        | Noticed a meat berserker
    21 | D        | Reached XP level 20. HP: 216/216 MP: 17/30
    21 | D        | Killed a meat berserker
    21 | D        | Reached ****** piety under Makhleb
    21 | D        | Killed a meat berserker
    22 | D        | Reached skill level 10 in Short Blades
    22 | D        | Reached skill level 10 in Slings
    22 | D        | Reached skill level 10 in Bows
    22 | D        | Reached skill level 10 in Crossbows
    22 | D        | Reached skill level 10 in Throwing
    22 | D        | Reached skill level 10 in Armour
    22 | D        | Reached skill level 10 in Shields
    22 | D        | Reached skill level 10 in Summonings
    22 | D        | Reached skill level 10 in Translocations
    22 | D        | Reached skill level 10 in Transmutations
    22 | D        | Reached skill level 10 in Evocations
    22 | D        | Reached XP level 21. HP: 195/224 MP: 17/33
    22 | D        | Killed a meat berserker
    23 | D        | Reached skill level 10 in Spellcasting
    23 | D        | Reached skill level 10 in Conjurations
    23 | D        | Reached skill level 10 in Hexes
    23 | D        | Reached skill level 10 in Fire Magic
    23 | D        | Reached skill level 10 in Air Magic
    23 | D        | Killed a large bag of meat
    24 | D        | Reached skill level 10 in Long Blades
    24 | D        | Reached skill level 10 in Maces & Flails
    24 | D        | Reached skill level 10 in Polearms
    24 | D        | Reached skill level 10 in Staves
    24 | D        | Reached XP level 22. HP: 165/233 MP: 17/35
    24 | D        | Noticed a destroyer
    24 | D        | Noticed a destroyer
    25 | D        | Reached skill level 15 in Unarmed Combat
    25 | D        | Reached skill level 15 in Ice Magic
    25 | D        | Reached skill level 15 in Earth Magic
    25 | D        | Reached skill level 15 in Invocations
    25 | D        | Reached XP level 23. HP: 226/240 MP: 18/38
    26 | D        | Noticed a destroyer
    27 | D        | Reached skill level 15 in Necromancy
    27 | D        | Reached skill level 15 in Poison Magic
    27 | D        | Reached XP level 24. HP: 249/249 MP: 18/39
    28 | D        | Reached skill level 15 in Short Blades
    28 | D        | Reached skill level 15 in Slings
    28 | D        | Reached skill level 15 in Bows
    28 | D        | Reached skill level 15 in Crossbows
    28 | D        | Reached skill level 15 in Throwing
    28 | D        | Reached skill level 15 in Armour
    28 | D        | Reached skill level 15 in Shields
    28 | D        | Reached skill level 15 in Summonings
    28 | D        | Reached skill level 15 in Translocations
    28 | D        | Reached skill level 15 in Transmutations
    28 | D        | Reached skill level 15 in Evocations
    28 | D        | Killed a destroyer
    29 | D        | Reached XP level 25. HP: 257/257 MP: 18/40
    29 | D        | Noticed The Servant
    31 | D        | Noticed a destroyer
    31 | D        | Killed a destroyer
    31 | D        | Noticed a large bag of meat
    31 | D        | Noticed a destroyer
    32 | D        | Reached skill level 15 in Spellcasting
    32 | D        | Reached skill level 15 in Conjurations
    32 | D        | Reached skill level 15 in Hexes
    32 | D        | Reached skill level 15 in Fire Magic
    32 | D        | Reached skill level 15 in Air Magic
    32 | D        | Killed a destroyer
    33 | D        | Reached skill level 15 in Long Blades
    33 | D        | Reached skill level 15 in Maces & Flails
    33 | D        | Reached skill level 15 in Polearms
    33 | D        | Reached skill level 15 in Staves
    33 | D        | Reached XP level 26. HP: 266/266 MP: 19/42
    33 | D        | Noticed a destroyer
    34 | D        | Reached XP level 27. HP: 273/273 MP: 20/43
    35 | D        | Noticed a large bag of meat
    35 | D        | Noticed a destroyer
    37 | D        | Killed The Servant
    38 | D        | Noticed a destroyer
    38 | D        | Noticed a large bag of meat
    39 | D        | Killed a destroyer
    40 | D        | Noticed a destroyer
    40 | D        | Noticed a destroyer
    42 | D        | Killed a destroyer
    42 | D        | Noticed a destroyer
    44 | D        | Killed a large bag of meat
    45 | D        | Reached skill level 27 in Unarmed Combat
    45 | D        | Reached skill level 27 in Ice Magic
    45 | D        | Reached skill level 27 in Earth Magic
    45 | D        | Reached skill level 27 in Invocations
    46 | D        | Killed a destroyer
    49 | D        | Killed a destroyer
    50 | D        | Killed a large bag of meat
    50 | D        | Killed a destroyer
    50 | D        | Noticed a tyrant
    51 | D        | Reached skill level 27 in Necromancy
    51 | D        | Reached skill level 27 in Poison Magic
    51 | D        | Killed a large bag of meat
    52 | D        | Killed a destroyer
    53 | D        | Killed a destroyer
    54 | D        | Noticed an accursed
    54 | D        | Killed a destroyer
    54 | D        | Noticed a large bag of meat
    55 | D        | Reached skill level 27 in Short Blades
    55 | D        | Reached skill level 27 in Summonings
    55 | D        | Reached skill level 27 in Translocations
    55 | D        | Reached skill level 27 in Transmutations
    55 | D        | Reached skill level 27 in Evocations
    55 | D        | Noticed a tyrant
    55 | D        | Noticed a large bag of meat
    55 | D        | Noticed a tyrant
    56 | D        | Noticed a destroyer
    57 | D        | Reached skill level 27 in Slings
    57 | D        | Reached skill level 27 in Bows
    57 | D        | Reached skill level 27 in Crossbows
    57 | D        | Reached skill level 27 in Throwing
    57 | D        | Reached skill level 27 in Armour
    57 | D        | Reached skill level 27 in Shields
    57 | D        | Noticed an accursed
    58 | D        | Killed a tyrant
    58 | D        | Killed a tyrant
    58 | D        | Noticed a destroyer
    58 | D        | Noticed The Captor
    59 | D        | Reached skill level 27 in Long Blades
    59 | D        | Reached skill level 27 in Maces & Flails
    59 | D        | Reached skill level 27 in Polearms
    59 | D        | Reached skill level 27 in Staves
    59 | D        | Reached skill level 27 in Spellcasting
    59 | D        | Reached skill level 27 in Conjurations
    59 | D        | Reached skill level 27 in Hexes
    59 | D        | Reached skill level 27 in Fire Magic
    59 | D        | Reached skill level 27 in Air Magic
    59 | D        | Killed a large bag of meat
    60 | D        | Noticed a dread
    62 | D        | Noticed a meat beast
    63 | D        | Noticed a tyrant
    64 | D        | Killed a destroyer
    64 | D        | Killed The Captor
    64 | D        | Noticed a destroyer
    65 | D        | Noticed a meat beast
    66 | D        | Killed a meat beast
    68 | D        | Killed a large bag of meat
    68 | D        | Noticed a tyrant
    72 | D        | Noticed a meat beast
    74 | D        | Killed a meat beast
    76 | D        | Noticed a meat beast
    79 | D        | Killed a tyrant
    80 | D        | Killed a meat beast
    81 | D        | Killed an accursed
    82 | D        | HP: 9/273 [sculptor of flesh/+9 great sword (231)]
    82 | D        | Mangled by a bag of meat

Illustrated notes

Levels and vault maps discovered:
D:        meatsprint

Skill      XL: |  1  2  3  4  5  6  7  8  9 10 11 12 13 14 15 16 17 18 19 20 21 22 23 24 25 26 27 |
---------------+----------------------------------------------------------------------------------+-----
Fighting       | 17 21 24 27 | 27.0
Axes           | 15 19 21 26 27 | 27.0
Dodging        | 14 18 20 24 27 | 27.0
Stealth        | 9 11 12 15 23 27 | 27.0
Short Blades   | 4 8 10 11 13 14 16 17 18 27 | 27.0
Long Blades    | 3 7 9 10 11 12 14 15 16 27 | 27.0
Maces & Flails | 3 7 9 10 11 12 14 15 16 27 | 27.0
Polearms       | 3 7 9 10 11 12 14 15 16 27 | 27.0
Staves         | 3 7 9 10 11 12 14 15 16 27 | 27.0
Slings         | 4 8 10 11 13 14 16 17 18 27 | 27.0
Bows           | 4 8 10 11 13 14 16 17 18 27 | 27.0
Crossbows      | 4 8 10 11 13 14 16 17 18 27 | 27.0
Throwing       | 4 8 10 11 13 14 16 17 18 27 | 27.0
Armour         | 4 8 10 11 13 14 16 17 18 27 | 27.0
Shields        | 4 8 10 11 13 14 16 17 18 27 | 27.0
Unarmed Combat | 5 9 12 13 15 17 18 20 21 27 | 27.0
Spellcasting   | 4 7 9 10 12 13 14 16 17 27 | 27.0
Conjurations   | 4 7 9 10 12 13 14 16 17 27 | 27.0
Hexes          | 4 7 9 10 12 13 14 16 17 27 | 27.0
Summonings     | 4 8 10 11 13 14 16 17 18 27 | 27.0
Necromancy     | 5 9 11 12 14 15 17 19 20 27 | 27.0
Translocations | 4 8 10 11 13 14 16 17 18 27 | 27.0
Transmutations | 4 8 10 11 13 14 16 17 18 27 | 27.0
Fire Magic     | 4 7 9 10 12 13 14 16 17 27 | 27.0
Ice Magic      | 5 9 12 13 15 17 18 20 21 27 | 27.0
Air Magic      | 4 7 9 10 12 13 14 16 17 27 | 27.0
Earth Magic    | 5 9 12 13 15 17 18 20 21 27 | 27.0
Poison Magic   | 5 9 11 12 14 15 17 19 20 27 | 27.0
Invocations    | 5 9 12 13 15 17 18 20 21 27 | 27.0
Evocations     | 4 8 10 11 13 14 16 17 18 27 | 27.0

Action                   |  1- 3 |  4- 6 |  7- 9 | 10-12 | 13-15 | 16-18 | 19-21 | 22-24 | 25-27 || total
-------------------------+-------+-------+-------+-------+-------+-------+-------+-------+-------++-------
Melee: Executioner's axe |     1 |       |       |     1 |     3 |     3 |     5 |     4 |    37 ||    54
 Stab: Distracted        |       |       |       |       |       |       |       |       |     1 ||     1
Dodge: Dodged            |       |       |       |       |       |       |     1 |     2 |     5 ||     8

Table legend: (Time is in decaauts)
 A = Elapsed time spent in this place.
 B = Non-inter-level travel time spent in this place.
 C = Inter-level travel time spent in this place.
 D = Time resting spent in this place.
 E = Time spent auto-exploring this place.
 F = Levels seen in this place.
 G = Mean time per level.
                   A        B        C        D        E       F      G
               +--------+--------+--------+--------+--------+-----+--------+
         Total |     67 |     67 |      0 |      0 |      0 |   1 |   67.0 |
       Dungeon |     67 |     67 |      0 |      0 |      0 |   1 |   67.0 |
               +--------+--------+--------+--------+--------+-----+--------+

Top non-repeatable levels by time:
       D: 67 daAuts
